 Dungeon Crawl Stone Soup version 0.24.0-123-gd5b16e6ec5 (webtiles) character file.

Game seed: 3406743704128207887, levelgen mode: deterministic

50 Legadrian the Insei (level 4, -2/32 HPs)
             Began as a Human Transmuter on Feb 11, 2020.
             Slain by a gnoll
             ... wielding a +0 spear
              (4 damage)
             ... on level 2 of the Dungeon.
             The game lasted 00:06:38 (1364 turns).

Legadrian the Insei (Human Transmuter)              Turns: 1364, Time: 00:06:39

Health: -2/32      AC:  2    Str: 10    XL:     4   Next: 4%
Magic:  2/7        EV: 12    Int: 14    God:
Gold:   56         SH:  0    Dex: 14    Spells: 1/7 levels left

rFire    . . .     SeeInvis .     - Unarmed
rCold    . . .     Gourm    .   (no shield)
rNeg     . . .     Faith    .   b - +0 robe
rPois    .         Spirit   .   (no helmet)
rElec    .         Reflect  .   (no cloak)
rCorr    .         Harm     .   (no gloves)
MR       .....                  (no boots)
Stlth    +.........             (no amulet)
HPRegen  0.10/turn              (no ring)
MPRegen  0.10/turn              (no ring)

@: no status effects
A: no striking features
a: no special abilities


You were on level 2 of the Dungeon.
You were not hungry.

You visited 1 branch of the dungeon, and saw 2 of its levels.

You collected 56 gold pieces.

Inventory:

Missiles
 a - 26 arrows
 i - 22 bolts
Armour
 b - a +0 robe (worn)
Scrolls
 c - a scroll of remove curse
 g - a scroll of blinking {unknown}
 h - a scroll of teleportation {unknown}
 j - a scroll of random uselessness {unknown}
 k - a scroll of identify
Potions
 e - a potion of heal wounds
Comestibles
 d - 3 rations


   Skills:
 - Level 1.0 Fighting
 - Level 2.0 Dodging
 + Level 4.6 Unarmed Combat
 - Level 2.0 Spellcasting
 - Level 2.0 Transmutations


You had one spell level left.
You knew the following spells:

 Your Spells              Type           Power        Failure   Level  Hunger
a - Beastly Appendage     Tmut           #.....       11%         1    ##.....
b - Sticks to Snakes      Tmut           #.......     16%         2    ###....
c - Spider Form           Tmut/Pois      #.........   43%         3    ####...

Your spell library contained the following spells:

 Spells                   Type           Power        Failure   Level  Hunger
 Ice Form                 Ice/Tmut       #.......     83%         4    #####..
 Blade Hands              Tmut           #.........   96%         5    ######.


Dungeon Overview and Level Annotations

Branches:
Dungeon (2/15)

Altars:


Message History

Your ball python constricts the jackal.
The gnoll hits you from afar with a +0 spear!
* * * LOW HITPOINT WARNING * * *
The jackal bites you.
* * * LOW HITPOINT WARNING * * *
You rip the net and break free!
Your talons disappear.
Your ball python bites the jackal.
Your ball python constricts the jackal.
The jackal closely misses you. The gnoll closely misses you.
Your ball python barely misses the jackal.
Your ball python constricts the jackal.
The jackal struggles to escape constriction. x2
Your ball python bites the jackal.
Your ball python constricts the jackal.
The jackal escapes!
Your ball python bites the jackal.
The jackal dies!
Something hits your ball python!
Your ball python dies!
You closely miss the hobgoblin.
The gnoll hits you from afar with a +0 spear.
You die...

..> #####.#
###.....# ........#
#g....# #.....#
######(#####
#.....ggg..#
....#.####.###@#
...#.# #.# #g##
...#.# #g# ...#
$..#.####g#....#
#..#...†.......#
#..#...........#
#..#..g........#
####.##...........#
.hg..g.g####+#....#


You could see 2 gnolls and 2 hobgoblins.

Vanquished Creatures
  An adder (D:2)
  A dart slug (D:1)
  A leopard gecko (D:1)
  A giant cockroach (D:2)
  7 goblins
  A hobgoblin (D:1)
  2 jackals (D:2)
  2 bats (D:1)
  A frilled lizard (D:1)
  8 kobolds
  3 rats (D:1)
28 creatures vanquished.

Vanquished Creatures (collateral kills)
  Robin (D:2)
  A bat (D:2)
  A hobgoblin (D:2)
  A jackal (D:2)
4 creatures vanquished.

Grand Total: 32 creatures vanquished

Notes
Turn   | Place    | Note
-------+----------+-------------------------------------------
     0 | D:1      | Legadrian the Human Transmuter began the quest for the Orb.
     0 | D:1      | Reached XP level 1. HP: 15/15 MP: 3/3
   243 | D:1      | Reached XP level 2. HP: 21/21 MP: 1/5
   247 | D:1      | Learned a level 2 spell: Sticks to Snakes
   924 | D:1      | Reached skill level 4 in Unarmed Combat
   924 | D:1      | Reached XP level 3. HP: 26/26 MP: 4/6
   955 | D:1      | Learned a level 3 spell: Spider Form
  1241 | D:2      | Noticed Robin
  1294 | D:2      | Killed Robin
  1340 | D:2      | Reached XP level 4. HP: 12/32 MP: 1/7
  1364 | D:2      | Slain by a gnoll

Levels and vault maps discovered:
D:1:      dpeg_arrival_snail, layout_loops_ring, grunt_decor_cap,
          minmay_pentomino_w2
D:2:      layout_basic, first_ration, uniq_robin, uniq_crazy_yiuf_cottage

Skill      XL: |  1  2 |
---------------+-------+-----
Unarmed Combat | 4 |  4.6
Fighting       | |  1.0
Dodging        | |  2.0
Spellcasting   | |  2.0
Transmutations | |  2.0

Action                   |  1- 3 |  4- 6 || total
-------------------------+-------+-------++-------
Melee: Unarmed           |    84 |     4 ||    88
       Headbutt          |     4 |       ||     4
       Kick              |     6 |     2 ||     8
       Punch             |     2 |       ||     2
 Cast: Beastly Appendage |    19 |     1 ||    20
       Sticks to Snakes  |     6 |       ||     6
  Use: Potion            |     3 |       ||     3
       Scroll            |     1 |       ||     1
 Stab: Sleeping          |     1 |       ||     1
  Eat: Chunk             |     2 |       ||     2
Armor: Robe              |    14 |     2 ||    16
Dodge: Dodged            |    60 |     7 ||    67
